 Dungeon Crawl Stone Soup version 0.29.1-2-gbd0b4ee654 (webtiles) character file.

Game seed: 10606594226531615950

781 Icepheonix32 the Insei (level 7, -2/52 HPs)
             Began as a Demigod Transmuter on Nov 9, 2022.
             Killed from afar by an orc wizard (8 damage)
             ... with a magic dart
             ... on level 6 of the Dungeon.
             The game lasted 00:12:54 (5816 turns).

Icepheonix32 the Insei (Demigod Transmuter)         Turns: 5816, Time: 00:12:54

Health: -2/52      AC:  4    Str: 13    XL:     7   Next: 29%
Magic:  14/14      EV: 13    Int: 21    God:
Gold:   251        SH:  5    Dex: 18    Spells: 1/11 levels left

rFire   . . .      SeeInvis +     - Unarmed
rCold   . . .      Faith    .   (no shield)
rNeg    . . .      Spirit   .   a - +1 robe
rPois   .          Reflect  +   (helmet currently unavailable)
rElec   +          Harm     .   o - +0 cloak
rCorr   .          Rampage  .   (no gloves)
Will    +....      Clarity  +   (boots currently unavailable)
Stlth   ++........              k - amulet of reflection
HPRegen 0.17/turn               q - +6 ring of intelligence
MPRegen 0.14/turn               r - ring of Qoxaat {Wiz rElec Will+ Str-2 SInv}

@: appendages, invisible
A: horns 2, talons 2, high MP 1, forlorn, divine attributes, clarity, wild magic
1
a: End Transformation


You were on level 6 of the Dungeon.
You had temporarily grown beastly horns and talons.
You visited 1 branch of the dungeon, and saw 6 of its levels.

You collected 251 gold pieces.

Inventory:

Armour
 a - a +1 robe (worn)
 d - a +0 helmet (melded)
 e - a scarf of resistance
 j - a scarf of invisibility
 o - a +0 cloak (worn)
Magical Staves
 h - a staff of death
 i - a staff of earth
Jewellery
 k - an amulet of reflection (around neck)
 q - a +6 ring of intelligence (left hand)
 r - the ring of Qoxaat (right hand) {Wiz rElec Will+ Str-2 SInv}
   (You took it off an orc on level 5 of the Dungeon)

   [ring of wizardry]

   It improves your spell success rate.
   Str:       It affects your strength (-2).
   rElec:     It insulates you from electricity.
   SInv:      It lets you see invisible.
   Will:      It increases your willpower.
 t - a ring of see invisible
Scrolls
 b - 2 scrolls of torment
 n - 2 scrolls of teleportation {unknown}
 p - a scroll of blinking
Potions
 m - a potion of magic
 s - a potion of cancellation {unknown}


   Skills:
 + Level 1.4 Fighting
 + Level 2.8 Dodging
 + Level 3.0 Stealth
 + Level 0.1 Shields
 + Level 4.7 Unarmed Combat
 + Level 2.9 Spellcasting
 * Level 3.9 Transmutations
 * Level 1.1 Ice Magic
 * Level 2.2 Poison Magic


You had one spell level left.
You knew the following spells:

 Your Spells              Type           Power      Damage    Failure   Level
a - Beastly Appendage     Tmut           50%        N/A       1%          1
b - Spider Form           Tmut/Pois      20%        N/A       7%          3
c - Wereblood             Tmut           25%        N/A       2%          2
d - Ice Form              Ice/Tmut       17%        N/A       24%         4

Your spell library contained the following spells:

 Spells                   Type           Power      Damage    Failure   Level


Dungeon Overview and Level Annotations

Branches:
Dungeon (6/15)             Temple (0/1) D:5

Annotations:
D:4 1 runed translucent door, qeuew's ghost, amateur DsFi


Innate Abilities, Weirdness & Mutations

You have temporarily grown beastly horns and talons.
You have an increased reservoir of magic. (+10% MP)
You shall have no god before yourself.
Your divine heritage dramatically boosts your attributes as you level up.
You possess an exceptional clarity of mind.
Your spells are a little harder to cast, but a little more powerful.


Message History

The orc priest is heavily wounded.
The orc priest closely misses you.
The orc wizard hits you with a +0 dagger.
You block the orc priest's attack.
You hit the orc priest.
You claw the orc priest, but do no damage.
The orc priest is heavily wounded.
The orc priest closely misses you. The orc wizard closely misses you.
The orc priest hits you but does no damage.
You hit the orc priest. You claw the orc priest.
Your headbutt misses the orc priest.
The orc priest is severely wounded.
The orc wizard barely misses you.
The orc priest invokes the aid of Beogh against you.
Beogh smites you! You block the orc priest's attack.
You barely miss the orc priest. Your kick misses the orc priest.
Your punch misses the orc priest.
The orc priest is severely wounded.
You block the orc priest's attack. You block the orc wizard's attack.
The orc priest calls down the wrath of Beogh upon you.
Beogh smites you!
* * * LOW HITPOINT WARNING * * *
You feel better.
The orc priest hits you with a +0 dagger.
* * * LOW HITPOINT WARNING * * *
The orc wizard points at you and mumbles some strange words.
The magic dart hits you!
* * * LOW HITPOINT WARNING * * *
The orc priest barely misses you.
You fade into invisibility!
The orc priest casts a cantrip, but nothing happens.
The orc wizard barely misses you. The orc priest closely misses you.
You barely miss the orc priest. You claw the orc priest.
The orc priest is almost dead.
The orc priest closely misses you. x2
You hit the orc priest.
You kill the orc priest!
The orc wizard gestures at you while chanting.
The magic dart hits you!
You die...

#..######.....
..............
###............
#<.............
#..............
#..............
#......#.......
+..............
......###@.......
...###....).o..#..
.... ####o.###.#
... .... .. ..
.#... .. .......
.# ..... ..
#......


You could see an orc priest (unable to see you) and an orc wizard (unable to see
you).

Vanquished Creatures
  Edmund (D:4)
  A phantom (D:4)
  A necrophage (D:4)
  2 scorpions (D:5)
  3 hounds
  An orc priest (D:6)
  2 iguanas
  2 orc wizards (D:5)
  4 gnolls (D:3)
  9 adders
  A worm (D:2)
  A dart slug (D:2)
  10 orcs
  7 bats
  8 endoplasms
  3 giant cockroaches
  7 goblins
  10 hobgoblins
  10 jackals
  5 quokkas
  8 ball pythons
  8 kobolds
  9 rats
113 creatures vanquished.

Vanquished Creatures (others)
  A plant (D:5)
1 creature vanquished.

Grand Total: 114 creatures vanquished

Notes
Turn   | Place    | Note
-------+----------+-------------------------------------------
     0 | D:1      | Icepheonix32 the Demigod Transmuter began the quest for the
                  | Orb.
     0 | D:1      | Reached XP level 1. HP: 15/15 MP: 5/5
   258 | D:1      | Reached skill level 3 in Unarmed Combat
   314 | D:1      | Reached XP level 2. HP: 19/22 MP: 5/7
  1176 | D:1      | Reached XP level 3. HP: 23/27 MP: 6/8
  1458 | D:2      | Reached skill level 1 in Fighting
  1627 | D:2      | Learned a level 3 spell: Spider Form
  1630 | D:2      | Learned a level 2 spell: Wereblood
  2293 | D:2      | Reached XP level 4. HP: 35/35 MP: 8/10
  3359 | D:3      | Reached XP level 5. HP: 27/40 MP: 11/11
  3756 | D:3      | Reached skill level 1 in Stealth
  4198 | D:4      | Reached skill level 4 in Unarmed Combat
  4198 | D:4      | Reached skill level 1 in Poison Magic
  4465 | D:4      | Reached XP level 6. HP: 39/47 MP: 13/13
  4672 | D:4      | Learned a level 4 spell: Ice Form
  4898 | D:4      | Noticed Edmund
  4915 | D:4      | Killed Edmund
  4925 | D:4      | Found a runed translucent door.
  4928 | D:4      | Noticed qeuew's ghost (amateur DsFi)
  5205 | D:5      | Entered Level 5 of the Dungeon
  5520 | D:5      | Reached XP level 7. HP: 44/52 MP: 14/14
  5597 | D:5      | Identified the ring of Qoxaat {Wiz rElec Will+ Str-2 SInv}
  5629 | D:5      | Reached skill level 1 in Ice Magic
  5721 | D:5      | Found a staircase to the Ecumenical Temple.
  5803 | D:6      | Gained mutation: You possess an exceptional clarity of
                  | mind. [potion of mutation]
  5803 | D:6      | Gained mutation: Your spells are a little harder to cast,
                  | but a little more powerful. [potion of mutation]
  5816 | D:6      | Killed from afar by an orc wizard

Illustrated notes

Levels and vault maps discovered:
D:1:      spicycebolla_arrival_ecumenical, layout_loops_ring
D:2:      minmay_wonky_spiral, layout_basic
D:3:      minmay_octagon_keep, layout_loops_ring
D:4:      layout_loops_cross, ebering_ghost_sewer_d, minmay_crystal_room,
          uniq_edmund
D:5:      layout_rooms, nicolae_uskayaw_suspiria, nicolae_ashenzari_panopticon,
          minmay_temple_entry_gardened_gates, uniq_eustachio
D:6:      layout_rooms, nicolae_ru_great_annihilating_truth,
          grunt_qazlal_sundering, minivault_23, minmay_misc_feat_doors,
          hangedman_decor_lopped, uniq_menkaure, uniq_grinder,
          uniq_crazy_yiuf_cottage

Skill      XL: |  1  2  3  4  5  6  7 |
---------------+----------------------+-----
Transmutations | 2 3 |  3.9
Unarmed Combat | 3 4 |  4.7
Dodging        | 2 |  2.8
Spellcasting   | 2 |  2.9
Fighting       | 1 |  1.4
Stealth        | 1 2 3 |  3.0
Poison Magic   | 1 2 |  2.2
Ice Magic      | 1 |  1.1
Shields        | |  0.1

Action                   |  1- 3 |  4- 6 |  7- 9 || total
-------------------------+-------+-------+-------++-------
Melee: Unarmed           |   125 |   185 |    43 ||   353
       Kick              |    21 |    40 |    12 ||    73
       Headbutt          |    15 |    24 |    10 ||    49
       Punch             |     3 |     5 |     3 ||    11
 Cast: Beastly Appendage |    23 |    36 |     3 ||    62
       Spider Form       |       |     1 |       ||     1
       Wereblood         |       |       |     2 ||     2
  Use: Potion            |     3 |     4 |     4 ||    11
       Scroll            |       |     7 |       ||     7
 Stab: Sleeping          |       |     6 |       ||     6
       Invisible         |       |     6 |       ||     6
Armor: Robe              |    40 |    20 |     7 ||    67
       Skin              |       |    10 |       ||    10
Dodge: Dodged            |    98 |    78 |    25 ||   201
Block: Other             |       |    12 |    12 ||    24
